Unix NetHack Version 5.0.0-0 post-release - last build Jun 10 2026 00:39:30 (3ee93aec679c4c4259841fe613dc97188e26a321,branch:main).

Game began 2026-06-13 16:28:06, ended 2026-06-13 20:51:22.

LDaviesPeters, neutral female human Archeologist

                                                                ----------
                                                               #@........|
                                                                |@.......|
                                                                |.%......|
                                                                -`--.-----
                                                                ^#  #
                                                                 #  #
                                                                 #  ##
                                                                ##   #
                                                              ###    #
                                                            --.------.--
                                                            |..........|
                                                       ###  |..........|
                                                       #%#  |..........|
                                                         ###...........|
                                                            |)...%<....|
                                                            ------------

LDaviesPeters the Investigator  St:25 Dx:11 Co:15 In:14 Wi:17 Ch:9  Neutral
Dlvl:6  $:0  HP:0(49) Pw:27(27) AC:2  Xp:7 T:5574  Satiated

Latest messages:
 With great effort you move the boulder.
 You hear a monster behind the boulder.
 Perhaps that's why you cannot move it.
 You hear a monster behind the boulder.
 Perhaps that's why you cannot move it.
 With great effort you move the boulder.
 The hill orc wields a very rusty dagger!
 You lash the hill orc!
 The hill orc zaps a wand of digging!
 The hill orc has made a hole in the ground.
 The hill orc falls through...
 You hear someone cursing shoplifters.
 You find a hidden passage.
 The monkey just misses!
 The monkey bites!
 You lash the monkey!
 The monkey hits!
 The monkey tries to take your sack but gives up.
 The monkey bites!
 You kill the monkey!
 You hear a monster behind the boulder.
 Perhaps that's why you cannot move it.
 You lash the gnomish wizard!
 The air crackles around the gnomish wizard.
 You kill the gnomish wizard!
 With great effort you move the boulder.
 You see here a gnomish wizard corpse.
 There is a gnomish wizard corpse here; eat it? [ynq] (n) y
 This gnomish wizard corpse is tough.
 You stop eating the gnomish wizard corpse.
 You lash the gnome lord!
 The gnome lord misses!
 You kill the gnome lord!
 The gnome picks up a pair of mud boots.
 You kill the gnome!
 There is a gnome corpse here; eat it? [ynq] (n) y
 This gnome corpse is fatty.
 You stop eating the gnome corpse.
 You lash the Woodland-elf!
 The Woodland-elf swings her runed broadsword.
 The Woodland-elf hits!
 You miss the Woodland-elf.
 The Woodland-elf swings her runed broadsword.
 The Woodland-elf hits!
 You die...
 Do you want your possessions identified? [ynq] (y) y
 Do you want to see your attributes? [ynq] (y) y
 Do you want an account of creatures vanquished? [ynaq] (y) n
 Do you want to see your conduct and achievements? [ynq] (y) y
 Do you want to see the dungeon overview? [ynq] (y) n

Inventory:
 Weapons  (')')
  K - 7 +0 darts
  Y - a blessed +0 dagger
  q - a +0 orcish dagger (at the ready)
  a - a +2 bullwhip (weapon in right hand)
 Armor    ('[')
  V - a blessed +3 helmet (being worn)
  i - an uncursed +0 pair of gauntlets of power (being worn)
  M - an uncursed +0 pair of iron shoes (being worn)
  n - an uncursed +0 elven cloak
  h - an uncursed +0 leather jacket (being worn)
 Comestibles  ('%')
  Z - 2 uncursed bananas
  d - 4 uncursed food rations
  u - an uncursed lembas wafer
  m - an uncursed tripe ration
 Rings    ('=')
  v - an uncursed ring of polymorph control (on left hand)
 Wands    ('/')
  W - a wand of magic missile (0:7)
  o - a wand of magic missile (0:3)
 Tools    ('(')
  b - an uncursed sack containing 8 items
  B - an uncursed blindfold
  p - a +0 pick-axe
  k - an uncursed skeleton key
  P - an uncursed tallow candle
  f - a tinning kit (0:69)
 Gems/Stones  ('*')
  g - an uncursed touchstone

Contents of the sack:
  116 gold pieces
  an uncursed scroll of enchant armor
  a cursed scroll of identify
  an uncursed scroll of light
  an uncursed scroll of remove curse
  2 uncursed scrolls of teleportation
  an uncursed potion of gain ability
  an uncursed potion of sleeping

LDaviesPeters the Archeologist's attributes:

Background:
 You were an Investigator, a level 7 female human Archeologist.
 You were neutral, on a mission for Camaxtli
 who was opposed by Quetzalcoatl (lawful) and Huhetotl (chaotic).
 You were right-handed.
 You were in the Gnomish Mines, on level 6.
 You entered the dungeon 5574 turns ago.
 You had 1120 experience points, 160 more were needed to attain level 8.

Basics:
 You had 0 out of 49 hit points.
 You had all 27 energy points (spell power).
 Your armor class was 2.
 Your wallet was empty, but
 you had 116 zorkmids stashed away in your pack.
 Autopickup was off.

Final Characteristics:
 Your strength was 25 (base:14, innate limit:18/100).
 Your dexterity was 11 (limit:18).
 Your constitution was 15 (limit:18).
 Your intelligence was 14 (limit:18).
 Your wisdom was 17 (limit:18).
 Your charisma was 9 (limit:18).

Final Status:
 You were satiated.
 You were unencumbered.
 You were wielding a whip.
 You had expert skill with whip.

Final Attributes:
 You were piously aligned.
 You had automatic searching.
 You were stealthy.
 You had polymorph control.
 You are dead.

Miscellaneous:
 You encountered 1 bones level.
 Total elapsed playing time was 52 minutes and 52 seconds.

Major events:
 Turn
    1: LDaviesPeters the neutral female human Archeologist entered the dungeon
  869: entered the Gnomish Mines
  878: attained the rank of Field Worker (level 3)
 3318: attained the rank of Investigator (level 6)
 5574: killed by a Woodland-elf

Spells:
 Name                 Level Category     Fail Retention
 sleep                  3   enchantment  100%   51%-75%
 knock                  1   matter        98%  76%-100%

Skills:
 Fighting Skills
   bare handed combat [Unskilled]
   two weapon combat  [Unskilled]
   riding             [Unskilled]
 Weapon Skills
   dagger             [Unskilled]
   knife              [Unskilled]
   pick-axe           [Basic]
   short sword        [Unskilled]
   saber              [Unskilled]
   club               [Unskilled]
   quarterstaff       [Unskilled]
   sling              [Unskilled]
   dart               [Unskilled]
   boomerang          [Unskilled]
   whip               [Expert]
   unicorn horn       [Unskilled]
 Spellcasting Skills
   attack spells      [Unskilled]
   healing spells     [Unskilled]
   divination spells  [Unskilled]
   matter spells      [Unskilled]

Voluntary challenges:
 Character rerolling was not enabled.
 You never genocided any monsters.
 You never polymorphed an object.
 You never changed form.
 You used no wishes.
Achievements:
 You entered a shop.
 You entered the Gnomish Mines.
 You attained the rank of Field Worker.
 You attained the rank of Investigator.

 The Dungeons of Doom: levels 1 to 7
    Level 1:
    Level 2:
       A general store.
    Level 3:
       A potion shop, many altars, a fountain.
       Stairs down to The Gnomish Mines.
    Level 4:
       A fountain.
    Level 5:
       A fountain.
    Level 6:
       A general store, a fountain, a sink.
    Level 7:
       A fountain.
       Final resting place for
          Sgeo-Wiz-Hum-Mal-Neu, killed by a bolt of cold zapped by himself.
 The Gnomish Mines: levels 4 to 6
    Level 4:
    Level 5:
    Level 6: <- You were here.
       Final resting place for
          you, killed by a Woodland-elf.


Vanquished creatures:
  a lizard
  a dingo
  a snake
  4 human zombies
  2 Woodland-elves
  2 bugbears
  2 rock piercers
  a rock mole
  5 gnome leaders
  2 gnomish wizards
  a kobold mummy
  a gray ooze
  a straw golem
  2 paper golems
  a floating eye
  a kitten
  5 dwarves
  2 homunculi
  a kobold leader
 10 hill orcs
  a rothe
  a centipede
  4 monkeys
  a dwarf zombie
  2 wererats
  4 iguanas
  3 hobbits
  a hobgoblin
  2 giant rats
  4 cave spiders
  3 yellow molds
 20 gnomes
  4 garter snakes
  2 gnome zombies
  8 geckos
  a jackal
  a kobold
  2 goblins
 11 grid bugs
  2 bats
  5 lichens
  2 kobold zombies
  3 newts
133 creatures vanquished.

No species were genocided or became extinct.

Game over:
                       ----------
                      /          \
                     /    REST    \
                    /      IN      \
                   /     PEACE      \
                  /                  \
                  |  LDaviesPeters   |
                  |      116 Au      |
                  |   killed by a    |
                  |   Woodland-elf   |
                  |                  |
                  |                  |
                  |       2026       |
                 *|     *  *  *      | *
        _________)/\\_//(\/(/\)/\//\/|_)_______

Goodbye LDaviesPeters the Archeologist...

You died in The Gnomish Mines on dungeon level 6 with 4895 points,
and 116 pieces of gold, after 5574 moves.
You were level 7 with a maximum of 49 hit points when you died.

